 Dungeon Crawl Stone Soup version 0.30.1-11-g7821555f0a (webtiles) character file.

Game seed: 7205654126506873289

9697 porpoise the Skirmisher (level 11, -1/89 HPs)
             Began as a Minotaur Hunter on Jan 15, 2024.
             Was a Priest of Hepliaklqana.
             Slain by a troll (10 damage)
             ... on level 10 of the Dungeon.
             The game lasted 00:30:53 (10265 turns).

porpoise the Skirmisher (Minotaur Hunter)          Turns: 10265, Time: 00:30:53

Health: -1/89      AC: 13    Str: 15    XL:     11   Next: 26%
Magic:  13/13      EV: 13    Int:  6    God:    Hepliaklqana [***...]
Gold:   470        SH:  5    Dex: 19    Spells: 10/10 levels left

rFire   . . .        a - +1 longbow (flame)
rCold   + . .        (shield currently unavailable)
rNeg    . . .        t - +2 ring mail {rC+}
rPois   +            I - +2 hat
rElec   .            q - +0 cloak
rCorr   .            D - +0 pair of gloves
SInv    .            (no boots)
Will    .....        l - amulet of reflection
Stlth   +            n - ring of flight
HPRegen 0.34/turn    s - ring of poison resistance
MPRegen 0.13/turn

%: reflection
@: flying
A: reduced essence, horns 2, retaliatory headbutt
a: Renounce Religion, Recall Ancestor, Ancestor Identity, Transference


You were on level 10 of the Dungeon.
You worshipped Hepliaklqana.
Hepliaklqana was most pleased with you.
You visited 3 branches of the dungeon, and saw 12 of its levels.

You collected 748 gold pieces.
You spent 278 gold pieces at shops.

Inventory:

Hand Weapons
 a - a +1 longbow of flaming (weapon)
 b - a +2 trident of venom
 y - a +4 scimitar of flaming
Missiles
 x - 10 poisoned darts
 B - 3 throwing nets
 G - 11 boomerangs
 R - 3 javelins
 S - 2 curare-tipped darts
 W - 3 silver boomerangs
Armour
 q - a +0 cloak (worn)
 t - a +2 ring mail of cold resistance (worn)
 C - +0 steam dragon scales
 D - a +0 pair of gloves (worn)
 I - a +2 hat (worn)
 M - a +1 robe of the Archmagi
Jewellery
 l - an amulet of reflection (around neck)
 n - a ring of flight (left hand)
 r - a +6 ring of intelligence
 s - a ring of poison resistance (right hand)
 N - a ring of resist corrosion
Wands
 k - a wand of mindburst (14)
 w - a wand of iceblast (3)
 F - a wand of light (17)
 H - a wand of polymorph (3)
 O - a wand of flame (12)
 P - a wand of paralysis (4)
Scrolls
 c - 2 scrolls of magic mapping
 d - a scroll of poison
 f - 5 scrolls of teleportation
 u - a scroll of vulnerability
 A - 2 scrolls of amnesia
 E - a scroll of torment {unknown}
 K - 2 scrolls of immolation
 L - a scroll of silence
 Q - a scroll of blinking {unknown}
 T - a scroll of enchant armour {unknown}
 V - a scroll of fear {unknown}
 X - a scroll of fog {unknown}
 Y - a scroll of noise
Potions
 e - a potion of berserk rage
 g - a potion of cancellation
 h - a potion of heal wounds
 i - 2 potions of attraction
 j - 6 potions of curing
 m - a potion of lignification {unknown}
 o - 3 potions of flight
 p - a potion of degeneration {unknown}
 v - a potion of mutation {unknown}
 z - 2 potions of magic
 J - a potion of haste {unknown}


   Skills:
 + Level 9.9 Fighting
 - Level 14.0 Ranged Weapons
 - Level 7.0 Armour
 - Level 5.0 Dodging
 - Level 0.7 Stealth
 + Level 5.1 Invocations
 + Level 3.8 Evocations


You had 10 spell levels left.
You didn't know any spells.
Your spell library contained the following spells:

 Spells                   Type           Power      Damage    Failure   Level
 Foxfire                  Conj/Fire      0%         2x1d4     65%         1
 Blink                    Tloc           0%         N/A       80%         2
 Lesser Beckoning         Tloc           0%         N/A       80%         2
 Momentum Strike          Conj/Tloc      0%         3d8       80%         2
 Frozen Ramparts          Ice            0%         1d1       95%         3
 Inner Flame              Hex/Fire       0%         N/A       95%         3
 Flame Wave               Conj/Fire      0%         2d4       100%        4
 Ice Form                 Ice/Tmut       0%         N/A       100%        4
 Passage of Golubria      Tloc           0%         N/A       100%        4
 Sticky Flame             Conj/Fire      0%         2d3       100%        4
 Summon Ice Beast         Ice/Summ       0%         N/A       100%        4
 Fireball                 Conj/Fire      0%         3d3       100%        5
 Silence                  Hex/Air        0%         N/A       100%        5
 Plasma Beam              Fire/Air       0%         2x1d11    100%        6
 Starburst                Conj/Fire      0%         6d3       100%        6
 Lehudib's Crystal Spear  Conj/Erth      0%         10d2      100%        8


Dungeon Overview and Level Annotations

Branches:
Dungeon (10/15)            Temple (1/1) D:4            Lair (0/5) D:9
    Orc (1/2) D:10

Altars:
Ashenzari
Hepliaklqana
Kikubaaqudgha
Makhleb
Nemelex Xobeh
Okawaru
Ru
Sif Muna
Trog
Uskayaw
Vehumet
Wu Jian
Zin
The Shining One

Shops:
D:1 (=   D:7 *   D:8 (   D:10 [(*

Annotations:
D:6 3 runed translucent doors, michknight7's ghost, novice GrFi


Innate Abilities, Weirdness & Mutations

Your life essence is reduced to manifest your ancestor. (-10% HP)
You have a pair of horns on your head.
You reflexively headbutt those who attack you in melee.


Message History

You block the orc warrior's attack. The troll bites you. The troll misses you.
You block the troll's attack.
Fire: a) +1 longbow (flame)
Press: ? - help, Q - select action, (/) - cycle Shift-Dir - straight line, f/p - orc warrior
Aim: an orc warrior, wielding a +0 dire flail and wearing a +0 plate armour (heavily wounded, 71% to hit)
You shoot an arrow.
The arrow barely misses the orc warrior.
You block the orc warrior's attack. The orc misses you.
The troll closely misses you. You furiously retaliate!
You headbutt the troll.
The troll claws you but does no damage. x2
Nikki hits the troll with a +0 flail!
Fire: a) +1 longbow (flame)
Press: ? - help, Q - select action, (/) - cycle Shift-Dir - straight line, f/p - orc warrior
Aim: an orc warrior, wielding a +0 dire flail and wearing a +0 plate armour (heavily wounded, 71% to hit)
You shoot an arrow.
The arrow closely misses the orc warrior.
The orc warrior hits you with a +0 dire flail!
The orc hits you but does no damage. The troll bites you. The troll claws you!
* * * LOW HITPOINT WARNING * * *
The troll claws you.
* * * LOW HITPOINT WARNING * * *
Fire: a) +1 longbow (flame)
Press: ? - help, Q - select action, (/) - cycle Shift-Dir - straight line, f - troll, p - orc warrior
Aim: a troll (heavily wounded, ally target, 71% to hit)
You shoot an arrow. The arrow hits the troll!
The arrow burns the troll.
The troll is almost dead.
Nikki misses the troll.
The orc hits you but does no damage.
The orc warrior hits you with a +0 dire flail!
* * * LOW HITPOINT WARNING * * *
The troll bites you but does no damage. You block the troll's attack. x2
Fire: a) +1 longbow (flame)
Press: ? - help, Q - select action, (/) - cycle Shift-Dir - straight line, f/p - troll
Aim: a troll (almost dead, ally target, 71% to hit)
You shoot an arrow. The arrow closely misses the troll.
The orc warrior misses you. The orc barely misses you. You furiously retaliate!
You headbutt the orc!
You kill the orc!
The troll closely misses you. You furiously retaliate!
You headbutt the troll! The troll claws you!
You die...

####.......).###### #.# #
.............#########.## ##
.............)..........# #.
.###....................# ## .#
##.......#.......######### #
.#######.#.##.......###∩.∩.∩##
......##.#.##...∩...##.......#
...##.##.#.##..T.)..##...⌠...##
...##.##.#.##..R@)..##........#
......##.#.##...)o..###∩.∩.∩#.#
...#####.#.##.[.∩...# #######.#
.........<)##.......# #.#
##..### ########.#.##.......#
#.# #<..... #.#..........# #.#
#.##### ###.##########.# #.#
#.# #...# ##..###.# #.# #.###
#.......# #.#####


You could see the friendly Nikki the knight, a troll (ally target) and an orc
warrior.

Vanquished Creatures
  A centaur warrior (D:10)
  A two-headed ogre (D:9)
  Joseph (D:7)
  A troll (D:10)
  Prince Ribbit (D:6)
  Sigmund (D:3)
  2 wyverns
  3 yaks (D:9)
  A steam dragon (D:7)
  2 water moccasins
  2 black bears
  2 orc warriors
  A sky beast (D:4)
  2 ogres
  8 centaurs
  3 phantoms
  5 bullfrogs
  2 gnoll sergeants (D:8)
  3 scorpions
  11 wights
  6 killer bees (D:9)
  3 howler monkeys
  An electric eel (D:6)
  2 jellies
  5 orc priests
  Crazy Yiuf (D:3)
  A hound (D:5)
  Jessica (D:2)
  4 iguanas
  A sleepcap (D:4)
  12 orc wizards
  Robin (D:3)
  5 gnolls (D:8)
  7 adders
  A white imp (D:7)
  3 ufetubi
  A worm (D:2)
  3 dart slugs
  29 orcs
  7 ball pythons
  7 bats
  10 endoplasms
  A giant cockroach (D:4)
  4 hobgoblins
  4 jackals (D:1)
  16 kobolds
  7 quokkas
  5 frilled lizards
  12 goblins
  8 rats
221 creatures vanquished.

Vanquished Creatures (collateral kills)
  Erica (D:10)
  A kobold demonologist (D:10)
  2 yaks (D:9)
  A wyvern (D:8)
  2 steam dragons
  A black bear (D:7)
  3 orc warriors
  2 ogres
  A bullfrog (D:7)
  A kobold brigand (D:9)
  2 wights (D:9)
  A hound (D:6)
  2 orc priests (D:6)
  2 orc wizards
  8 gnolls
  7 orcs
  A kobold (D:9)
38 creatures vanquished.

Vanquished Creatures (others)
  An ancestor (D:6)
1 creature vanquished.

Grand Total: 260 creatures vanquished

Notes
Turn   | Place    | Note
-------+----------+-------------------------------------------
     0 | D:1      | porpoise the Minotaur Hunter began the quest for the Orb.
     0 | D:1      | Reached XP level 1. HP: 18/18 MP: 0/0
    69 | D:1      | Reached XP level 2. HP: 25/25 MP: 1/1
    81 | D:1      | Found Tinu's Weapon Boutique.
   105 | D:1      | Found Epte's Jewellery Shoppe.
   292 | D:1      | Found a faded altar of an unknown god.
   309 | D:1      | Reached skill level 5 in Ranged Weapons
   352 | D:1      | Reached XP level 3. HP: 31/31 MP: 2/2
   591 | D:2      | Reached skill level 1 in Armour
   819 | D:2      | Noticed Jessica
   822 | D:2      | Killed Jessica
   823 | D:2      | Reached XP level 4. HP: 33/38 MP: 3/3
  1153 | D:3      | Noticed Sigmund
  1170 | D:3      | Killed Sigmund
  1171 | D:3      | Reached skill level 6 in Ranged Weapons
  1171 | D:3      | Reached XP level 5. HP: 29/47 MP: 4/4
  1171 | D:3      | Reached XP level 6. HP: 33/53 MP: 5/5
  1356 | D:3      | Noticed Robin
  1372 | D:3      | Killed Robin
  1455 | D:3      | Found a large runed translucent door.
  1456 | D:3      | Found a large runed translucent door.
  1576 | D:3      | Found a bloodstained altar of Trog.
  1576 | D:3      | Found an ornate altar of the Wu Jian Council.
  1604 | D:3      | Reached skill level 5 in Fighting
  1604 | D:3      | Reached skill level 7 in Ranged Weapons
  2200 | D:3      | Found a runed translucent door.
  2203 | D:3      | Noticed Crazy Yiuf
  2210 | D:3      | Killed Crazy Yiuf
  2322 | D:3      | Found an ancient bone altar of Kikubaaqudgha.
  2330 | D:3      | Found a glowing silver altar of Zin.
  2537 | D:4      | Reached XP level 7. HP: 61/61 MP: 6/6
  2729 | D:4      | Reached skill level 8 in Ranged Weapons
  2982 | D:4      | Noticed a two-headed ogre
  3267 | D:4      | Found a staircase to the Ecumenical Temple.
  3273 | Temple   | Entered the Ecumenical Temple
  3331 | Temple   | Became a worshipper of Hepliaklqana the Forgotten
  3565 | D:5      | Entered Level 5 of the Dungeon
  3656 | D:5      | Reached XP level 8. HP: 48/70 MP: 7/7
  3830 | D:5      | Reached skill level 9 in Ranged Weapons
  3874 | D:5      | Reached skill level 5 in Armour
  4343 | D:6      | Reached skill level 10 in Ranged Weapons
  4347 | D:6      | Reached * piety under Hepliaklqana
  4450 | D:6      | Found a runed translucent gate.
  4450 | D:6      | Noticed michknight7's ghost (novice GrFi)
  4452 | D:6      | Found a runed translucent gate.
  4453 | D:6      | Found a runed translucent gate.
  4454 | D:6      | Identified the +0 plate armour of Reacim {-Tele Harm rC+
                  | rCorr}
  4615 | D:6      | Noticed Prince Ribbit
  4627 | D:6      | Killed Prince Ribbit
  4628 | D:6      | Reached XP level 9. HP: 64/72 MP: 8/8
  4687 | D:6      | Reached skill level 11 in Ranged Weapons
  4691 | D:6      | Reached skill level 1 in Invocations
  5528 | D:7      | Noticed Joseph
  5542 | D:7      | Killed Joseph
  5771 | D:7      | Reached skill level 12 in Ranged Weapons
  6172 | D:7      | Reached ** piety under Hepliaklqana
  6173 | D:7      | Remembered your ancestor Nikki as a knight
  6425 | D:7      | Found Memp's Assorted Antiques.
  6433 | D:7      | Bought a glass wand for 92 gold pieces
  6433 | D:7      | Bought a glowing hat for 161 gold pieces
  6433 | D:7      | Bought an emerald potion for 20 gold pieces
  6948 | D:8      | Reached XP level 10. HP: 71/81 MP: 11/11
  7021 | D:8      | Found Tengick's Antique Weapon Shoppe.
  7302 | D:8      | You are sucked into a shaft and drop 1 floor!
  7923 | D:9      | Reached skill level 13 in Ranged Weapons
  8181 | D:9      | Found a staircase to the Lair.
  8184 | D:9      | Reached *** piety under Hepliaklqana
  8280 | D:9      | Noticed a two-headed ogre
  8295 | D:9      | Killed a two-headed ogre
  8296 | D:9      | Reached skill level 5 in Dodging
  8296 | D:9      | Reached skill level 5 in Invocations
  8524 | D:9      | Reached skill level 1 in Evocations
  8737 | D:9      | Reached skill level 14 in Ranged Weapons
  8828 | D:9      | Found a shimmering blue altar of Sif Muna.
  9015 | D:10     | Entered Level 10 of the Dungeon
  9106 | D:10     | Found Iqeesurr's Armour Emporium.
  9111 | D:10     | Found a staircase to the Orcish Mines.
  9115 | D:10     | Found Lalaikhlu's Weapon Emporium.
  9183 | D:10     | Reached XP level 11. HP: 87/87 MP: 13/13
  9306 | D:10     | Found Gekhezux's CLEARANCE SALE!.
  9316 | D:10     | Bought a scroll of noise for 5 gold pieces
  9468 | D:10     | Noticed a centaur warrior
  9482 | D:10     | Killed a centaur warrior
  9702 | D:10     | Noticed Erica
  9706 | D:10     | Killed Erica
 10150 | Orc:1    | Entered Level 1 of the Orcish Mines
 10265 | D:10     | Slain by a troll

Illustrated notes

Levels and vault maps discovered:
D:1:      lightli_molten_gateway, layout_rooms,
          hellmonk_ecumenical_altar_heavens_door, serial_shops, shop, shop
D:2:      layout_rooms, minmay_misc_feat_secret_circle,
          kennysheep_generic_room_16, uniq_jessica
D:3:      layout_basic, jmf_multi_god_temple2,
          gammafunk_temple_overflow_elements, uniq_crazy_yiuf_cottage,
          uniq_robin, uniq_sigmund
D:4:      layout_loops_ring, minmay_temple_entry_nine_rooms,
          lightli_corner_chamber
D:5:      layout_rooms, grunt_decor_arrowhead
D:6:      cheibrodos_helix_gallery, layout_basic, biasface_ghost_orc_armoury,
          uniq_prince_ribbit1
D:7:      layout_basic, nicolae_stop_n_shop_2, hangedman_decor_points,
          uniq_joseph
D:8:      layout_basic, serial_shops, shop
D:9:      layout_irregular_city, kennysheep_orc_sif_temple, lair_entry_dummy
D:10:     layout_loops_ring, orc_david_3, nicolae_shop_clearance, uniq_erica
Temple:   bh_familiar_temple
Orc:1:    layout_caves

Skill      XL: |  1  2  3  4  5  6  7  8  9 10 11 |
---------------+----------------------------------+-----
Fighting       | 3 4 5 6 8 9 |  9.9
Ranged Weapons | 5 6 7 8 10 12 14 | 14.0
Armour         | 1 3 4 5 6 7 |  7.0
Invocations    | 3 5 |  5.1
Dodging        | 3 5 |  5.0
Evocations     | 2 3 |  3.8
Stealth        | |  0.7

Action                     |  1- 3 |  4- 6 |  7- 9 | 10-12 || total
---------------------------+-------+-------+-------+-------++-------
   Fire: Shortbow          |   106 |   121 |   350 |   256 ||   833
         Longbow           |       |       |       |    20 ||    20
 Invoke: Ancestor Identity |       |       |     1 |       ||     1
         Ancestor Life: Kn |       |       |     1 |       ||     1
         Recall Ancestor   |       |       |       |     1 ||     1
    Use: Scroll            |       |     1 |     7 |     9 ||    17
 Armour: Leather armour    |     6 |       |       |       ||     6
         Ring mail         |    14 |    31 |    55 |    31 ||   131
  Dodge: Dodged            |    38 |    35 |    83 |    58 ||   214
  Block: Other             |     4 |    18 |    35 |    27 ||    84
         Reflection        |       |     1 |     4 |     4 ||     9
